 Dungeon Crawl Stone Soup version 0.13.0-7-g3df9ff1 (webtiles) character file.

51018 Jaijje the Bludgeoner (level 14, -1/123 HPs)
             Began as a Minotaur Fighter on Oct 15, 2013.
             Was a High Priest of Okawaru.
             Slain by a sixfirhy (2 damage)
             ... led by a cacodemon
             ... on Level 1 of the Abyss on Oct 16, 2013.
             The game lasted 02:22:10 (26443 turns).

Jaijje the Bludgeoner (Minotaur Fighter)           Turns: 26443, Time: 02:22:10

HP  -1/123       AC 28     Str 26      XL: 14   Next: 17%
MP  19/19        EV  7     Int  5      God: Okawaru [*****.]
Gold 1171        SH  0     Dex 10      Spells:  0 memorised, 13 levels left

Res.Fire  : . . .   See Invis. : .   E - -1,+4 orc great mace
Res.Cold  : + . .   Warding    : .   k - +3 orc plate armour {rC+}
Life Prot.: + + .   Conserve   : .   (no shield)
Res.Poison: .       Res.Corr.  : .   p - +1 wizard hat
Res.Elec. : .       Clarity    : .   i - +0 cloak
Sust.Abil.: . .     Spirit.Shd : .   P - +2 pair of orc gloves
Res.Mut.  : .       Stasis     : .   C - +2 pair of boots {Stlth+}
Res.Rott. : .       Flight     : .   S - amulet of faith
Saprovore : . . .                    D - ring of positive energy
                                     y - ring of positive energy

@: about to teleport, very slightly contaminated, hasted, very quick, somewhat
resistant to hostile enchantments, extremely unstealthy
A: retaliatory headbutt, horns 2, breathe flames 1
a: Heroism, Finesse, Renounce Religion, Breathe Fire


You were on level 1 of the Abyss.
You worshipped Okawaru.
Okawaru was extremely pleased with you.
You were not hungry.

You visited 4 branches of the dungeon, and saw 23 of its levels.
You visited the Abyss 1 time.
You visited 1 bazaar.

You collected 2184 gold pieces.
You spent 1033 gold pieces at shops.

Inventory:

Hand weapons
 a - a +2,+1 orcish morningstar
 b - the +5,+0 dagger of the Wasteland {pain, rF+ rN+, unknown}
   (Okawaru gifted it to you on level 8 of the Dungeon)

   In the hands of one skilled in necromantic magic, it inflicts extra damage on
   living creatures.
   It protects you from fire.
   It protects you from negative energy.
 E - a -1,+4 orcish great mace (weapon)
 G - a +0,+1 orcish great mace
 H - a +1,+1 demon trident of flaming
 J - the +11,+9 sling of Foul Odors {venom, Int+4, unknown}
   (Okawaru gifted it to you on level 3 of the Orcish Mines)

   It poisons the ammo it fires.
   It affects your intelligence (+4).
Missiles
 u - 2 silver javelins (quivered)
Armour
 c - a -2 shield
 i - a +0 cloak (worn)
 k - a +3 orcish plate armour of cold resistance (worn)
 p - a +1 wizard hat (worn)
 C - a +2 pair of boots of stealth (worn)
 L - a +2 chain mail of poison resistance
 P - a +2 pair of orcish gloves (worn)
Magical devices
 s - a wand of disintegration (16)
 F - a wand of flame (1)
 T - a wand of lightning (6)
 W - a wand of digging (11)
Comestibles
 d - 3 bread rations
 x - a meat ration
Scrolls
 e - a scroll of blinking
 g - 3 scrolls of fog
 n - a scroll of identify
 t - 2 scrolls of remove curse
Jewellery
 l - an uncursed amulet of guardian spirit
 v - an uncursed amulet of stasis
 w - an uncursed ring of see invisible
 y - a ring of positive energy (left hand)
 D - a ring of positive energy (right hand)
 K - an uncursed amulet of conservation
 O - an uncursed amulet of resist mutation
 S - an amulet of faith (around neck)
 V - an uncursed amulet of warding
Potions
 f - 2 potions of resistance
 h - a potion of magic
 j - 2 potions of restore abilities
 m - a potion of invisibility
 o - 7 potions of curing
 q - 3 potions of brilliance
 A - a potion of speed
 R - 2 potions of agility
 U - 2 potions of berserk rage


   Skills:
 + Level 13.0 Fighting
 + Level 19.3 Maces & Flails
 + Level 12.8 Armour
 + Level 2.8 Dodging
   Level 8.6 Shields
 - Level 7.0 Invocations


You had 13 spell levels left.
You didn't know any spells.

Dungeon Overview and Level Annotations

Branches:
Dungeon (11/27)            Temple (1/1) D:6             Orc (4/4) D:8
    Elf (0/3) Orc:3          Lair (7/8) D:11         Shoals (0/5) Lair:5
 Spider (0/5) Lair:6
  Slime: Lair:6-8

Altars:
Cheibriados
Elyvilon
Fedhas
Makhleb
Nemelex Xobeh
Okawaru
Sif Muna
Vehumet
Xom
Yredelemnul
Zin
the Shining One

Shops:
D:7 ?   D:10 [   Orc:4 (*(=[

Annotations:
Orc:4 Sonja


Innate Abilities, Weirdness & Mutations

You reflexively headbutt those who attack you in melee.
You have a pair of horns on your head.
You can breathe flames.


Message History

The cacodemon gestures at you.
Strange energies course through your body.
Your throat feels hot.
Read which item? (? for menu, Esc to quit)
Okay, then.
Read which item? (? for menu, Esc to quit)
Okay, then.
Drink which item? (? for menu, Esc to quit)
You feel yourself speed up.
The cacodemon hits you but does no damage.
The cacodemon hits you!
* * * LOW HITPOINT WARNING * * *
You are very lightly contaminated with residual magic.
Found a runed dwarven flail.
The sixfirhy hits you.
* * * LOW HITPOINT WARNING * * *
The sixfirhy shocks you!
* * * LOW HITPOINT WARNING * * *
The sixfirhy hits you.
You die...

. ..# #...####
# #.#.#.. ...
.....# .) . #
#...##.#!.. . .
#...)...# ..#.
##@##
#.##..###4..#
.##.....#2#...#
....#..1..##1.#
#..##...#....#
#....#..##...
#...#.≈L..≈≈≈
#..##.≈≈≈..≈.#
#.≈#
##.≈≈≈≈#...


You could see a cacodemon, a Brimstone Fiend, a Shadow Fiend and a sixfirhy.

Vanquished Creatures
  A bone dragon (Abyss:1)
  An orc warlord (Orc:4)
  4 hydras
  3 orc high priests
  2 thrashing horrors (Abyss:1)
  Nergalle (Lair:3)
  A sun demon (Abyss:1)
  A centaur warrior (D:11)
  A hill giant (D:11)
  5 orc knights
  The ghost of Psiweapon the Covered, an experienced MiFi of Okawaru (D:7)
  Joseph (Orc:4)
  3 griffons
  A wolf spider (Lair:6)
  3 orc sorcerers
  A cyclops (Orc:3)
  2 black mambas
  9 elephants (Lair:7)
  Maurice (Orc:1)
  2 orange demons (Abyss:1)
  A smoke demon (Orc:4)
  5 spiny frogs
  2 hellwings (Abyss:1)
  Grinder (D:3)
  2 jumping spiders (Lair:6)
  5 komodo dragons
  8 trolls
  3 basilisks
  3 wyverns
  16 yaks
  3 redbacks
  5 ugly things (D:10)
  A shark (Lair:5)
  3 ynoxinuls (Abyss:1)
  Eustachio (D:7)
  3 hippogriffs
  Grum (Orc:2)
  A chaos spawn (Orc:1)
  3 hungry ghosts
  2 neqoxecs (Abyss:1)
  3 wolves
  2 manticores
  A soldier ant (D:11)
  7 sky beasts
  4 small abominations (Abyss:1)
  2 necrophages
  7 centaurs
  A human (D:8)
  An ice beast (D:7)
  A phantom (D:4)
  8 porcupines
  13 ogres
  26 orc warriors
  5 giant goldfish
  Duvessa (D:6)
  4 boring beetles (D:11)
  6 crocodiles
  12 water moccasins
  4 big kobolds
  A warg (Orc:2)
  12 giant frogs
  A gnoll sergeant (D:11)
  9 giant slugs
  Blork the orc (D:9)
  2 agate snails
  11 insubstantial wisps (Abyss:1)
  A wyvern skeleton (D:11)
  5 killer bees (D:9)
  A hippogriff zombie (D:6)
  A hippogriff skeleton (D:11)
  A yak skeleton (D:7)
  4 electric eels (Lair:3)
  Dowan (D:6)
  A centaur zombie (D:6)
  3 crimson imps
  4 jellyfish (Lair:3)
  11 starcursed masses (Abyss:1)
  4 goliath beetles
  A big fish (Lair:5)
  An iron imp (Abyss:1)
  4 jellies
  A centaur skeleton (D:9)
  Crazy Yiuf (D:6)
  2 giant frog zombies (D:6)
  A spider (Lair:6)
  10 hounds
  10 orc wizards
  8 iguanas
  2 quasits
  11 orc priests
  A scorpion (D:5)
  2 giant frog skeletons
  A killer bee zombie (D:9)
  4 worker ants
  3 sheep (D:8)
  A crocodile zombie (D:10)
  Ijyb (D:3)
  A hound skeleton (D:10)
  2 worker ant zombies
  38 green rats
  16 adders
  15 gnolls
  An inept feature mimic (D:8)
  5 giant centipedes
  A giant mite (Lair:3)
  A lemure (D:7)
  3 shadow imps
  2 worms
  5 ufetubi
  An adder zombie (D:6)
  An iguana zombie (D:6)
  A scorpion zombie (D:6)
  An iguana skeleton (D:5)
  3 giant eyeballs
  11 giant geckos
  An ooze (D:1)
  125 orcs
  30 bats
  A bat skeleton (D:8)
  A bat zombie (D:6)
  8 giant cockroaches
  A grey rat (D:7)
  33 hobgoblins
  7 quokkas
  5 ball pythons
  A ball python zombie (D:5)
  A giant gecko skeleton (D:6)
  5 giant newts
  A giant newt skeleton (D:4)
  A gnoll zombie (D:6)
  41 goblins
  A goblin skeleton (D:4)
  A hobgoblin skeleton (D:5)
  30 jackals
  16 kobolds
  A kobold zombie (D:6)
  An orc skeleton (D:6)
  An orc zombie (D:6)
  17 rats
  3 rat zombies (D:6)
  5 spectral orcs
  A fungus (Lair:3)
807 creatures vanquished.

Vanquished Creatures (others)
  An adder (Lair:3)
  2 jackals (Lair:3)
  2 fungi (Lair:7)
  3 plants (Lair:7)
8 creatures vanquished.

Grand Total: 815 creatures vanquished

Notes
Turn   | Place    | Note
--------------------------------------------------------------
     0 | D:1      | Jaijje, the Minotaur Fighter, began the quest for the Orb.
     0 | D:1      | Reached XP level 1. HP: 19/19 MP: 0/0
     6 | D:1      | Noticed a spiny worm
     6 | D:1      | Noticed a fire drake
     6 | D:1      | Noticed a black bear
     6 | D:1      | Noticed a worker ant
     6 | D:1      | Noticed a salamander
   174 | D:1      | Reached XP level 2. HP: 26/26 MP: 0/0
   668 | D:2      | Found a sparkling altar of Nemelex Xobeh.
   676 | D:2      | Reached XP level 3. HP: 33/33 MP: 1/1
   795 | D:2      | Reached skill level 4 in Maces & Flails
  1269 | D:3      | Noticed Ijyb
  1286 | D:3      | Killed Ijyb
  1286 | D:3      | Reached XP level 4. HP: 31/39 MP: 1/1
  1403 | D:3      | Reached skill level 5 in Maces & Flails
  1443 | D:3      | Noticed Grinder
  1449 | D:3      | Paralysed by Grinder for 3 turns
  1462 | D:3      | Killed Grinder
  1462 | D:3      | Reached skill level 7 in Maces & Flails
  1462 | D:3      | Reached XP level 5. HP: 29/46 MP: 1/1
  1462 | D:3      | Reached XP level 6. HP: 32/52 MP: 2/2
  2054 | D:4      | Reached skill level 8 in Maces & Flails
  2423 | D:4      | Reached skill level 9 in Maces & Flails
  2423 | D:4      | Reached XP level 7. HP: 52/59 MP: 2/2
  2788 | D:4      | Reached skill level 10 in Maces & Flails
  3763 | D:4      | Found a snail-covered altar of Cheibriados.
  4067 | D:5      | Entered Level 5 of the Dungeon
  4099 | D:5      | Reached skill level 11 in Maces & Flails
  4099 | D:5      | Reached XP level 8. HP: 60/66 MP: 2/2
  4544 | D:5      | Reached skill level 5 in Fighting
  4592 | D:5      | Reached skill level 5 in Shields
  4872 | D:6      | Found a staircase to the Ecumenical Temple.
  4888 | Temple   | Entered the Ecumenical Temple
  4899 | Temple   | Became a worshipper of Warmaster Okawaru
  4927 | D:6      | Reached skill level 5 in Armour
  5215 | D:6      | Noticed Duvessa
  5215 | D:6      | Noticed Dowan
  5255 | D:6      | Killed Duvessa
  5260 | D:6      | HP: 2/68 [Dowan/shard of ice (14)]
  5263 | D:6      | Killed Dowan
  5574 | D:6      | Paralysed by a giant eyeball for 2 turns
  5627 | D:6      | Reached XP level 9. HP: 71/74 MP: 3/3
  5670 | D:6      | Noticed Crazy Yiuf
  5680 | D:6      | Killed Crazy Yiuf
  6262 | D:7      | Noticed Psiweapon's ghost (experienced MiFi)
  6273 | D:7      | Killed Psiweapon's ghost
  6273 | D:7      | Acquired Okawaru's first power
  6333 | D:7      | Noticed Eustachio
  6367 | D:7      | Killed Eustachio
  6405 | D:7      | Found Tuosuoz's Magic Scroll Emporium.
  6425 | D:7      | Bought 2 scrolls of identify for 44 gold pieces
  6425 | D:7      | Bought a scroll of identify for 22 gold pieces
  6425 | D:7      | Bought a scroll of identify for 22 gold pieces
  6530 | D:7      | Found a white marble altar of Elyvilon.
  6625 | D:7      | Reached skill level 12 in Maces & Flails
  7050 | D:8      | Found a staircase to the Orcish Mines.
  7137 | D:8      | Reached XP level 10. HP: 85/85 MP: 3/3
  7805 | D:9      | Noticed Blork the orc
  7815 | D:9      | Killed Blork the orc
  8168 | D:10     | Entered Level 10 of the Dungeon
  9025 | D:10     | Got a pitted trident
  9038 | D:10     | Reached skill level 13 in Maces & Flails
  9046 | D:10     | Identified the +8,+7 trident of the Common Good {venom, rN+ SInv} (You found it on level 10 of the Dungeon)
  9058 | D:10     | Found Strephue's Antique Armour Shop.
  9158 | D:11     | Found a staircase to the Lair.
  9264 | Lair:1   | Entered Level 1 of the Lair of Beasts
  9653 | Lair:1   | Found a blossoming altar of Fedhas.
  9887 | Lair:1   | Reached XP level 11. HP: 92/94 MP: 3/3
 10669 | Lair:2   | Reached skill level 10 in Fighting
 11356 | Lair:3   | Reached skill level 10 in Armour
 11381 | Lair:3   | Acquired Okawaru's second power
 11400 | Lair:3   | Noticed Nergalle
 11486 | Lair:3   | Killed Nergalle
 11486 | Lair:3   | Reached skill level 14 in Maces & Flails
 11836 | Lair:3   | Noticed a seven-headed hydra
 11860 | Lair:3   | Killed a seven-headed hydra
 12330 | Lair:3   | Received a gift from Okawaru
 13296 | Lair:4   | Noticed an eight-headed hydra
 13308 | Lair:4   | Killed an eight-headed hydra
 13356 | Lair:4   | Noticed a five-headed hydra
 13365 | Lair:4   | Killed a five-headed hydra
 13365 | Lair:4   | Reached skill level 15 in Maces & Flails
 13959 | Lair:4   | Reached XP level 12. HP: 85/104 MP: 4/4
 14854 | Lair:5   | Found a staircase to the Shoals.
 15818 | Lair:5   | Reached skill level 16 in Maces & Flails
 16266 | Lair:6   | Jaijje: Hello
 16386 | Lair:6   | Found a hole to the Spider Nest.
 16406 | Lair:6   | 1Viktor: hi
 17276 | Lair:6   | Received a gift from Okawaru
 17342 | Lair:7   | Reached skill level 1 in Invocations
 18208 | Lair:6   | Reached skill level 17 in Maces & Flails
 19072 | Lair:1   | Reached XP level 13. HP: 113/113 MP: 12/12
 19399 | D:11     | Noticed a hill giant
 19409 | D:11     | Killed a hill giant
 19411 | D:11     | Received a gift from Okawaru
 19548 | D:11     | Paralysed by a giant eyeball for 2 turns
 19551 | D:11     | Paralysed by a giant eyeball for 3 turns
 19675 | D:11     | Got a slimy leather armour
 19691 | D:11     | Identified the +0 leather armour "Mnaleug" {MR++} (You found it on level 11 of the Dungeon)
 19775 | D:11     | Noticed a four-headed hydra
 19781 | D:11     | Killed a four-headed hydra
 19792 | D:11     | Noticed a centaur warrior
 19799 | D:11     | Killed a centaur warrior
 20046 | D:11     | Found a gateway to a bazaar.
 20051 | D:11     | Reached skill level 18 in Maces & Flails
 20196 | Bazaar   | Entered a bazaar
 20198 | Bazaar   | Found Kleuliash's Jewellery Boutique.
 20201 | Bazaar   | Found Teeha's Distillery.
 20202 | Bazaar   | Found Paimam's Antique Weapon Boutique.
 20202 | Bazaar   | Found Saoj's Jewellery Boutique.
 20250 | Bazaar   | Bought an uncursed amulet of conservation for 275 gold pieces
 20250 | Bazaar   | Bought an uncursed amulet of resist mutation for 440 gold pieces
 20256 | Bazaar   | Bought a potion of curing for 22 gold pieces
 20256 | Bazaar   | Bought a potion of might for 27 gold pieces
 20256 | Bazaar   | Bought a potion of berserk rage for 33 gold pieces
 20256 | Bazaar   | Bought a potion of curing for 22 gold pieces
 20256 | Bazaar   | Bought a potion of curing for 22 gold pieces
 20256 | Bazaar   | Bought a potion of curing for 22 gold pieces
 20256 | Bazaar   | Bought a potion of curing for 22 gold pieces
 20256 | Bazaar   | Bought a potion of speed for 60 gold pieces
 20329 | Lair:1   | Upgraded the game from 0.13.0-6-g40e4d2d to 0.13.0-7-g3df9ff1
 20488 | Orc:1    | Entered Level 1 of the Orcish Mines
 20488 | Orc:1    | Found a burning altar of Makhleb.
 20512 | D:8      | Received a gift from Okawaru
 20513 | D:8      | Got a polished dagger {god gift}
 20663 | Orc:1    | Noticed Maurice
 20675 | Orc:1    | Killed Maurice
 20675 | Orc:1    | Reached skill level 5 in Invocations
 20739 | Orc:1    | Found a deep blue altar of Sif Muna.
 21996 | Orc:2    | Noticed Grum
 22001 | Orc:2    | Killed Grum
 22369 | Orc:3    | Found a shimmering altar of Xom.
 22374 | Orc:3    | Paralysed by an orc sorcerer for 5 turns
 22822 | Orc:4    | Entered Level 4 of the Orcish Mines
 22847 | Orc:4    | Found Gius' Weapon Emporium.
 22868 | Orc:4    | Found Suupoxzo's General Store.
 22900 | Orc:4    | Received a gift from Okawaru
 23782 | Orc:4    | Found Coafeig's Antique Weapon Boutique.
 23841 | Orc:4    | Noticed an orc warlord
 24205 | Orc:4    | Killed an orc warlord
 24675 | Orc:4    | Found Samakha's Jewellery Emporium.
 24683 | Orc:4    | Noticed Joseph
 24695 | Orc:4    | Killed Joseph
 24795 | Orc:4    | Found Egejemu's Antique Armour Emporium.
 24893 | Orc:3    | Found a staircase to the Elven Halls.
 24913 | Orc:3    | Received a gift from Okawaru
 24916 | Orc:3    | Got a fine sling {god gift}
 25377 | Orc:4    | Noticed Sonja
 25381 | Orc:4    | Cast into the Abyss (Sonja)
 25399 | Abyss:1  | Reached skill level 19 in Maces & Flails
 25598 | Abyss:1  | Noticed a starcursed mass
 25621 | Abyss:1  | Reached skill level 1 in Dodging
 25628 | Abyss:1  | Killed a starcursed mass
 25629 | Abyss:1  | Killed a starcursed mass
 25631 | Abyss:1  | Killed a starcursed mass
 25634 | Abyss:1  | Killed a starcursed mass
 25636 | Abyss:1  | Killed a starcursed mass
 25646 | Abyss:1  | Killed a starcursed mass
 25653 | Abyss:1  | Killed a starcursed mass
 25668 | Abyss:1  | Killed a starcursed mass
 25673 | Abyss:1  | Killed a starcursed mass
 25687 | Abyss:1  | Killed a starcursed mass
 25695 | Abyss:1  | Killed a starcursed mass
 25715 | Abyss:1  | Reached XP level 14. HP: 36/123 MP: 19/19
 25835 | Abyss:1  | Noticed a bone dragon
 25870 | Abyss:1  | Killed a bone dragon
 26023 | Abyss:1  | Noticed an ancient lich
 26083 | Abyss:1  | Noticed a starcursed mass
 26355 | Abyss:1  | Found a corrupted altar of Lugonu.
 26405 | Abyss:1  | Noticed a lich
 26406 | Abyss:1  | Noticed a cacodemon
 26426 | Abyss:1  | Noticed a Brimstone Fiend
 26431 | Abyss:1  | Noticed a cacodemon
 26437 | Abyss:1  | Noticed a Shadow Fiend
 26439 | Abyss:1  | Gained mutation: You can breathe flames. [a cacodemon]
 26443 | Abyss:1  | HP: 1/123 [sixfirhy[a cacodemon] (9)]
 26443 | Abyss:1  | Slain by a sixfirhy

Action                   |  1- 3 |  4- 6 |  7- 9 | 10-12 | 13-15 || total
-------------------------+-------+-------+-------+-------+-------++-------
Melee: Mace              |   101 |    77 |   436 |       |       ||   614
       Morningstar       |       |       |   184 |  1082 |   157 ||  1423
       Great mace        |       |       |       |       |   464 ||   464
       Dire flail        |       |       |       |       |    22 ||    22
 Fire: Sling             |       |       |       |     4 |       ||     4
Throw: Javelin           |       |       |     6 |       |       ||     6
Invok: Heroism           |       |       |       |     8 |    15 ||    23
       Finesse           |       |       |       |       |     2 ||     2
Evoke: Wand              |       |       |     1 |     4 |       ||     5
  Use: Potion            |       |     3 |     2 |     1 |     3 ||     9
       Scroll            |       |       |    19 |    15 |     3 ||    37
 Stab: Invisible         |       |       |     3 |       |       ||     3
